 Dungeon Crawl Stone Soup version 0.21.1-1-g345015fe64 (webtiles) character file.

217 Goboxel the Charmwright (level 5, 0/43 HPs)
             Began as a Gnoll Skald on Apr 15, 2018.
             Succumbed to Robin's poison
             ... on level 4 of the Dungeon.
             The game lasted 00:05:11 (2285 turns).

Goboxel the Charmwright (Gnoll Skald)               Turns: 2285, Time: 00:05:11

Health: 0/43       AC:  5    Str: 13    XL:     5   Next: 94%
Magic:  5/12       EV: 13    Int: 16    God:
Gold:   99         SH:  0    Dex: 15    Spells: 3/14 levels left

rFire    . . .     SeeInvis .   a - +1 falchion
rCold    . . .     Gourm    .   (no shield)
rNeg     + . .     Faith    .   e - +0 ring mail (curse)
rPois    .         Spirit   .   (no helmet)
rElec    .         Reflect  .   (no cloak)
rCorr    .         Harm     .   (no gloves)
MR       .....                  (no boots)
Stlth    +.........             (no amulet)
HPRegen  0.14/turn              q - ring of positive energy
MPRegen  0.13/turn              (no ring)

@: lethally poisoned (0 -> -33), singing
A: distributed training, fangs 1, strong nose
a: no special abilities


You were on level 4 of the Dungeon.
You were hungry.

You visited 1 branch of the dungeon, and saw 4 of its levels.

You collected 99 gold pieces.

Inventory:

Hand Weapons
 a - a +1 falchion (weapon)
Armour
 b - a +0 leather armour
 e - a cursed +0 ring mail (worn)
Jewellery
 q - a ring of positive energy (left hand)
Scrolls
 k - 2 scrolls of fog
 m - 3 scrolls of teleportation
 n - a scroll of enchant weapon
Potions
 f - 2 potions of might {unknown}
 g - a potion of agility
 h - 2 potions of degeneration
 i - a potion of lignification {unknown}
 j - 2 potions of brilliance {unknown}
 l - a potion of curing
 p - a potion of heal wounds
Books
 c - a book of Battle

   Spells                             Type                      Level
   a - Infusion                       Charms                       1
   b - Shroud of Golubria             Charms/Translocation         2
   c - Song of Slaying                Charms                       2
   d - Spectral Weapon                Hexes/Charms                 3
   e - Regeneration                   Charms/Necromancy            3
Comestibles
 d - 5 rations


   Skills:
 + Level 4.8 Fighting
 + Level 1.6 Short Blades
 + Level 4.8 Long Blades
 + Level 1.6 Axes
 + Level 1.6 Maces & Flails
 + Level 1.6 Polearms
 + Level 1.6 Staves
 + Level 1.6 Slings
 + Level 1.6 Bows
 + Level 1.6 Crossbows
 + Level 1.6 Throwing
 + Level 3.1 Armour
 + Level 4.8 Dodging
 + Level 1.6 Stealth
 + Level 1.6 Shields
 + Level 1.6 Unarmed Combat
 + Level 5.2 Spellcasting
 + Level 1.3 Conjurations
 + Level 1.3 Hexes
 + Level 5.6 Charms
 + Level 1.3 Summonings
 + Level 1.3 Necromancy
 + Level 1.3 Translocations
 + Level 1.3 Transmutations
 + Level 1.3 Fire Magic
 + Level 1.3 Ice Magic
 + Level 1.3 Air Magic
 + Level 1.3 Earth Magic
 + Level 1.3 Poison Magic
 + Level 1.9 Invocations
 + Level 1.6 Evocations


You had 3 spell levels left.
You knew the following spells:

 Your Spells              Type           Power        Failure   Level  Hunger
a - Infusion              Chrm           ###.         3%          1    None
b - Song of Slaying       Chrm           ###.....     4%          2    #......
c - Shroud of Golubria    Chrm/Tloc      ###.......   11%         2    #......
d - Regeneration          Chrm/Necr      ###.......   22%         3    ###....
e - Spectral Weapon       Hex/Chrm       ###.....     22%         3    ###....


Dungeon Overview and Level Annotations

Branches:
Dungeon (4/15)
 Temple: D:4-7

Altars:
Kikubaaqudgha
Makhleb

Annotations:
D:4 Robin


Innate Abilities, Weirdness & Mutations

Your experience applies equally to all skills.
You have very sharp teeth.
Your uncanny sense of smell can sniff out nearby items.


Message History

You feel sick. Robin hits you with a whip of venom!
* * * LOW HITPOINT WARNING * * *
You are more poisoned.
Things that are here:
a dagger; a dagger of holy wrath; a goblin corpse Unknown command.
You hit Robin.
Robin is moderately wounded.
* * * LOW HITPOINT WARNING * * *
You feel very sick. Robin completely misses you.
You hit Robin.
Robin is heavily wounded.
* * * LOW HITPOINT WARNING * * *
You feel very sick. Robin barely misses you.
Unknown command.
You slash Robin!
Robin is almost dead.
You die...

###+#
####...#
#.....[+ #
......# #.
.....# #..
....
#...####'###
#......g<..#
#......@####
#.......#
#.....#.#
######### ∆
∆ ∆∆


You could see Robin.

Vanquished Creatures
  A hound (D:3)
  2 orc wizards (D:3)
  4 adders
  An ooze (D:2)
  A worm (D:3)
  A dart slug (D:1)
  2 leopard geckos
  An orc (D:3)
  A giant cockroach (D:3)
  14 goblins
  7 hobgoblins
  6 jackals
  5 quokkas
  2 ball pythons
  6 bats
  2 frilled lizards
  9 kobolds
  3 rats
68 creatures vanquished.

Vanquished Creatures (others)
  An orc wizard (D:3)
1 creature vanquished.

Grand Total: 69 creatures vanquished

Notes
Turn   | Place    | Note
-------+----------+-------------------------------------------
     0 | D:1      | Goboxel the Gnoll Skald began the quest for the Orb.
     0 | D:1      | Reached XP level 1. HP: 20/20 MP: 6/6
    88 | D:1      | Reached XP level 2. HP: 21/26 MP: 7/7
   170 | D:1      | Learned a level 2 spell: Song of Slaying
   173 | D:1      | Learned a level 2 spell: Shroud of Golubria
   642 | D:1      | Reached XP level 3. HP: 29/31 MP: 0/9
   779 | D:2      | Reached skill level 5 in Spellcasting
   899 | D:2      | Reached skill level 1 in Invocations
   996 | D:2      | Reached skill level 1 in Short Blades
   996 | D:2      | Reached skill level 1 in Axes
   996 | D:2      | Reached skill level 1 in Maces & Flails
   996 | D:2      | Reached skill level 1 in Polearms
   996 | D:2      | Reached skill level 1 in Staves
   996 | D:2      | Reached skill level 1 in Slings
   996 | D:2      | Reached skill level 1 in Bows
   996 | D:2      | Reached skill level 1 in Crossbows
   996 | D:2      | Reached skill level 1 in Throwing
   996 | D:2      | Reached skill level 1 in Stealth
   996 | D:2      | Reached skill level 1 in Shields
   996 | D:2      | Reached skill level 1 in Unarmed Combat
   996 | D:2      | Reached skill level 1 in Evocations
  1242 | D:2      | Found an ancient bone altar of Kikubaaqudgha.
  1331 | D:2      | Reached XP level 4. HP: 26/38 MP: 11/11
  1579 | D:3      | Learned a level 3 spell: Regeneration
  1583 | D:3      | Learned a level 3 spell: Spectral Weapon
  1802 | D:3      | Found a burning altar of Makhleb.
  1811 | D:3      | Reached skill level 1 in Conjurations
  1811 | D:3      | Reached skill level 1 in Hexes
  1811 | D:3      | Reached skill level 1 in Summonings
  1811 | D:3      | Reached skill level 1 in Necromancy
  1811 | D:3      | Reached skill level 1 in Translocations
  1811 | D:3      | Reached skill level 1 in Transmutations
  1811 | D:3      | Reached skill level 1 in Fire Magic
  1811 | D:3      | Reached skill level 1 in Ice Magic
  1811 | D:3      | Reached skill level 1 in Air Magic
  1811 | D:3      | Reached skill level 1 in Earth Magic
  1811 | D:3      | Reached skill level 1 in Poison Magic
  1811 | D:3      | Reached XP level 5. HP: 38/43 MP: 12/12
  2266 | D:4      | Noticed Robin
  2285 | D:4      | Succumbed to Robin's poison

Skill      XL: |  1  2  3  4  5 |
---------------+----------------+-----
Spellcasting   | 5 |  5.2
Invocations    | 1 |  1.9
Short Blades   | 1 |  1.6
Axes           | 1 |  1.6
Maces & Flails | 1 |  1.6
Polearms       | 1 |  1.6
Staves         | 1 |  1.6
Slings         | 1 |  1.6
Bows           | 1 |  1.6
Crossbows      | 1 |  1.6
Throwing       | 1 |  1.6
Stealth        | 1 |  1.6
Shields        | 1 |  1.6
Unarmed Combat | 1 |  1.6
Evocations     | 1 |  1.6
Conjurations   | 1 |  1.3
Hexes          | 1 |  1.3
Summonings     | 1 |  1.3
Necromancy     | 1 |  1.3
Translocations | 1 |  1.3
Transmutations | 1 |  1.3
Fire Magic     | 1 |  1.3
Ice Magic      | 1 |  1.3
Air Magic      | 1 |  1.3
Earth Magic    | 1 |  1.3
Poison Magic   | 1 |  1.3
Armour         | 3 |  3.1
Fighting       | |  4.8
Long Blades    | |  4.8
Dodging        | |  4.8
Charms         | |  5.6

Action                   |  1- 3 |  4- 6 || total
-------------------------+-------+-------++-------
Melee: Falchion          |    93 |    88 ||   181
       Bite              |     6 |     7 ||    13
 Cast: Infusion          |     5 |     2 ||     7
       Song of Slaying   |     3 |     2 ||     5
  Use: Scroll            |     4 |     6 ||    10
 Stab: Sleeping          |     3 |     2 ||     5
  Eat: Chunk             |     1 |     3 ||     4
Armor: Leather armour    |    10 |     3 ||    13
       Ring mail         |       |    31 ||    31
Dodge: Dodged            |    83 |    69 ||   152
       Rpst.: Falchion   |    14 |    22 ||    36
